 Dungeon Crawl Stone Soup version 0.19.4-9-g45fd643 (webtiles) character file.

1022 Gargoyl the Skirmisher (level 8, -2/68 HPs)
             Began as a Ghoul Abyssal Knight on Feb 20, 2017.
             Was a Believer of Lugonu.
             Slain by Purgy (6 damage)
             ... on level 4 of the Dungeon.
             The game lasted 00:11:56 (3976 turns).

Gargoyl the Skirmisher (Ghoul Abyssal Knight)       Turns: 3976, Time: 00:11:57

Health: -2/68      AC: 16    Str: 16      XL:     8   Next: 22%
Magic:  10/10      EV:  0    Int:  6 (7)  God:    Lugonu [**....]
Gold:   263        SH: 12    Dex: 10      Spells: 0 memorised, 7 levels left

rFire  . . .     SeeInvis .     a - +1 hand axe
rCold  + . .     Gourm    .     d - +0 plate armour
rNeg   + + +     Faith    .     t - +0 large shield
rPois  ∞         Spirit   .     (no helmet)
rElec  .         Reflect  .     o - +2 cloak
rCorr  .         Harm     .     f - +0 pair of gloves
MR     .....                    (no boots)
Stlth  ..........               (no amulet)
                                (no ring)
                                v - ring of stealth

@: rotting
A: rotting body, claws 1, carnivore 3, cold resistance 1, negative energy
resistance 3, slow regeneration 1, torment resistance, unbreathing
a: Depart the Abyss, Bend Space, Renounce Religion


You were on level 4 of the Dungeon.
You worshipped Lugonu.
Lugonu was pleased with you.
You were not hungry.

You visited 1 branch of the dungeon, and saw 5 of its levels.
You visited the Abyss 1 time.

You collected 263 gold pieces.

Inventory:

Hand Weapons
 a - a +1 hand axe (weapon)
Missiles
 i - 2 javelins (quivered)
Armour
 d - a +0 plate armour (worn)
 f - a +0 pair of gloves (worn)
 o - a +2 cloak (worn)
 t - a +0 large shield (worn)
Jewellery
 v - a ring of stealth (left hand)
Scrolls
 h - a scroll of blinking
 l - a scroll of remove curse
 m - 2 scrolls of immolation
 A - 2 scrolls of identify
Potions
 b - a potion of cancellation
 e - a potion of resistance
Books
 x - a book of Cantrips

   Spells                             Type                      Level
   a - Confusing Touch                Hexes                        1
   b - Animate Skeleton               Necromancy                   1
   c - Summon Small Mammal            Summoning                    1
   d - Apportation                    Translocation                1
Comestibles
 c - 2 meat rations
 p - a royal jelly


   Skills:
 + Level 5.0 Fighting
 + Level 4.8 Axes
 * Level 4.7 Armour
 + Level 1.1 Dodging
 + Level 2.4 Shields
 * Level 4.6 Invocations


You had 7 spell levels left.
You didn't know any spells.

Dungeon Overview and Level Annotations

Branches:
Dungeon (5/15)
 Temple: D:4-7

Altars:
Fedhas
Qazlal
Trog
Uskayaw
Zin

Shops:
D:4 }

Annotations:
D:2 exclusion: oklob plant
D:4 Purgy


Innate Abilities, Weirdness & Mutations

Your body is rotting away.
You thrive on raw meat.
You are immune to poison.
You have sharp fingernails.
You are carnivorous and can eat meat at any time.
Your flesh is cold resistant. (rC+)
You are immune to negative energy. (rN+++)
You regenerate slowly when monsters are visible.
You are immune to unholy pain and torment.
You can survive without breathing.


Message History

You closely miss Purgy.
Purgy is heavily wounded.
Your plate armour prevents you from hitting the worker ant.
Purgy bites you.
* * * LOW HITPOINT WARNING * * *
Purgy claws you but does no damage. Purgy claws you.
* * * LOW HITPOINT WARNING * * *
You block the worker ant's attack. Purgy bites you.
* * * LOW HITPOINT WARNING * * *
You block Purgy's attack. Purgy claws you but does no damage.
Okay, then.
You hit the worker ant but do no damage.
You hit Purgy.
The worker ant bites you but does no damage.
Purgy bites you but does no damage. Purgy completely misses you.
You block Purgy's attack.
The worker ant bites you but does no damage.
Your shield and plate armour prevent you from hitting the worker ant.
You hit Purgy. You block the worker ant's attack. Purgy bites you.
You die...

#...#...# #.....#.# ..
#....#..# ...
#......######..##
.#####......#>.....∩.. #.
............#.........
#.############<.....#.........
......#.....##......#.........
....#.#.....#..T@..)#.#####.##
##.............a....<.# #
......>........##....##
.##..........#.....#.#
###..>...<...###[..?.#
##.......##......###.## ###
...#.###.#..##..####..###...#
###..###...###..............#
#..##.)...###..#####.......#


You could see Purgy and a worker ant.

Vanquished Creatures
  Grinder (D:4)
  Edmund (D:4)
  Duvessa (D:4)
  An ogre (D:3)
  A phantom (D:4)
  Dowan (D:4)
  4 hounds
  Crazy Yiuf (D:2)
  An orc wizard (D:3)
  Terence (D:3)
  7 adders
  2 oozes (D:3)
  3 worms
  3 dart slugs
  4 leopard geckos
  9 orcs (D:3)
  A ball python (D:4)
  6 bats
  6 giant cockroaches
  6 goblins
  10 hobgoblins
  7 jackals
  3 kobolds
  3 quokkas
  6 frilled lizards
  8 rats
97 creatures vanquished.

Notes
Turn   | Place    | Note
-------+----------+-------------------------------------------
     0 | Abyss:1  | Gargoyl the Ghoul Abyssal Knight began the quest for the Orb.
     0 | Abyss:1  | Reached XP level 1. HP: 19/19 MP: 1/1
    45 | Abyss:1  | Noticed a raiju
    46 | Abyss:1  | Noticed a ynoxinul
    54 | Abyss:1  | Noticed a large abomination
    79 | Abyss:1  | Noticed a wretched star
    83 | D:1      | Escaped the Abyss
   240 | D:1      | Reached XP level 2. HP: 25/26 MP: 2/2
   514 | D:1      | Reached skill level 1 in Dodging
   695 | D:1      | Reached XP level 3. HP: 33/33 MP: 3/3
   903 | D:2      | Reached * piety under Lugonu
   987 | D:2      | Found a hide-covered altar of Uskayaw.
   997 | D:2      | Reached XP level 4. HP: 40/40 MP: 4/4
  1203 | D:2      | Found a faded altar of an unknown god.
  1342 | D:2      | Found a runed door.
  1440 | D:2      | Found a bloodstained altar of Trog.
  1440 | D:2      | Found a glowing silver altar of Zin.
  1542 | D:2      | Noticed Crazy Yiuf
  1556 | D:2      | Killed Crazy Yiuf
  1668 | D:2      | Found a blossoming altar of Fedhas.
  1678 | D:2      | Noticed an oklob plant
  1824 | D:3      | Reached skill level 4 in Fighting
  1824 | D:3      | Reached XP level 5. HP: 41/46 MP: 6/6
  1863 | D:3      | Found a stormy altar of Qazlal.
  1865 | D:3      | Noticed a water elemental
  1866 | D:3      | Noticed an air elemental
  1866 | D:3      | Noticed a fire elemental
  1914 | D:3      | Noticed Terence
  1946 | D:3      | Killed Terence
  2225 | D:3      | Reached ** piety under Lugonu
  2242 | D:3      | Reached XP level 6. HP: 34/52 MP: 7/7
  2756 | D:4      | Found Uwuuduh's Gadget Emporium.
  2756 | D:4      | Noticed Grinder
  2764 | D:4      | Paralysed by Grinder for 4 turns
  2818 | D:4      | Paralysed by Grinder for 7 turns
  2839 | D:4      | Killed Grinder
  2839 | D:4      | Reached skill level 1 in Shields
  2839 | D:4      | Reached XP level 7. HP: 23/60 MP: 8/8
  3379 | D:4      | Noticed Edmund
  3432 | D:4      | Killed Edmund
  3487 | D:4      | Noticed Dowan
  3490 | D:4      | Noticed Duvessa
  3507 | D:4      | Killed Duvessa
  3507 | D:4      | Reached XP level 8. HP: 26/67 MP: 10/10
  3526 | D:5      | Entered Level 5 of the Dungeon
  3541 | D:5      | Reached skill level 5 in Fighting
  3845 | D:4      | Killed Dowan
  3932 | D:4      | Noticed Purgy
  3976 | D:4      | Slain by Purgy

Skill      XL: |  1  2  3  4  5  6  7  8 |
---------------+-------------------------+-----
Armour         | 2 3 4 |  4.7
Axes           | 2 3 4 |  4.8
Dodging        | 1 |  1.1
Fighting       | 4 5 |  5.0
Invocations    | 3 4 |  4.6
Shields        | 1 2 |  2.4

Action                   |  1- 3 |  4- 6 |  7- 9 || total
-------------------------+-------+-------+-------++-------
Melee: Hand axe          |    79 |   282 |   232 ||   593
Invok: Depart the Abyss  |     1 |       |       ||     1
  Use: Scroll            |     2 |     1 |     6 ||     9
       Potion            |       |       |     9 ||     9
 Stab: Invisible         |       |     4 |     4 ||     8
  Eat: Chunk             |     8 |    26 |    11 ||    45
Armor: Plate armour      |    70 |   271 |   224 ||   565
Dodge: Dodged            |    25 |    61 |    18 ||   104
Block: Large shield      |       |   115 |   186 ||   301
